AoeStats
← _LY_抖音肥龙

Arabia

503873401Analyzed
4v4 RM · 29d ago on Sep 2, 2026· 28m 15s· 8 players
Game mode
Random Map
Map size
Large (8 player)
Population
200
Speed
Normal
Resources
Standard
Victory
Conquest
Starting age
Dark Age
Ending age
Imperial Age
RankedLock teamsTeams togetherTeam positionsShared explorationLock speedFull tech treeHidden civsTurbo modeCheats
Victory
Defeat
🇨🇳 Britons · China
1906
+6
🇭🇰 Cumans · Hong Kong SAR China
1763
+11
🇭🇰 Poles · Hong Kong SAR China
1689
+14
🇨🇳 Ethiopians · China
1164
+30
1712
-20
🇮🇹 Franks · Italy
1629
-16
🇮🇹 Shu · Italy
1620
-16
🇮🇹 Portuguese · Italy
1617
-15
_LY_抖音肥龙
8:28 Feudal Age
9:03 Double-Bit Axe
10:07 Horse Collar
10:52 Loom
17:41 Wheelbarrow
20:44 Castle Age
18:58 Gold Mining
19:50 Bloodlines
20:31 Scale Barding Armor
21:41 Bow Saw
21:52 Chain Barding Armor
22:35 Heavy Plow
23:37 Forging
26:57 Hand Cart
CNZS_Bad Koala
4:18 Loom
9:13 Feudal Age
10:05 Double-Bit Axe
14:01 Fletching
16:30 Town Watch
21:32 Castle Age
21:27 Gold Mining
21:19 Horse Collar
22:13 Bodkin Arrow
21:38 Crossbowman
24:51 Bow Saw
27:12 Ballistics
司衡
13:31 Feudal Age
13:40 Loom
22:31 Horse Collar
23:17 Double-Bit Axe
24:33 Wheelbarrow
28:16 Castle Age
26:44 Stone Mining
温蒂
5:03 Loom
8:51 Feudal Age
10:23 Double-Bit Axe
15:52 Fletching
23:28 Castle Age
21:33 Horse Collar
22:04 Padded Archer Armor
22:11 Gold Mining
23:30 Crossbowman
24:21 Forging
24:09 Bodkin Arrow
25:10 Bow Saw
26:13 Wheelbarrow
27:18 Ballistics
GdR_Macdek II
6:10 Loom
9:11 Feudal Age
10:19 Double-Bit Axe
11:54 Town Watch
17:09 Scale Barding Armor
23:07 Castle Age
25:12 Chain Barding Armor
GdR_Condomttiero
6:28 Loom
10:03 Feudal Age
13:58 Fletching
16:53 Double-Bit Axe
20:09 Padded Archer Armor
24:21 Castle Age
26:08 Town Watch
GdR_Mark_Landers
6:05 Loom
6:15 Loom
8:51 Feudal Age
14:46 Fletching
16:48 Horse Collar
17:45 Padded Archer Armor
18:34 Town Watch
23:17 Castle Age
22:33 Gold Mining
23:29 Double-Bit Axe
23:58 Bodkin Arrow
23:59 Crossbowman
26:31 Ballistics
26:56 Bow Saw
GdR_Grifiss(twitch.tv/grifiss84)
8:49 Feudal Age
7:05 Loom
9:23 Double-Bit Axe
9:28 Horse Collar
17:49 Bloodlines
18:05 Forging
18:02 Town Watch
20:11 Scale Barding Armor
22:11 Castle Age
20:50 Scale Barding Armor
21:18 Gold Mining
22:11 Light Cavalry
22:52 Husbandry
23:13 Chain Barding Armor
23:25 Bow Saw
27:48 Iron Casting
Connection lost

Rejoining the realm…

Still unreachable

The connection could not be restored.

Session expired

The server has moved on; the page needs a fresh start.